[Event "*** SCC Grand Prix: Titled Tuesday Blitz"]
[Site "Chess.com"]
[Date "2020.08.11"]
[Round "2"]
[White "rasmussvane"]
[Black "Sashadav97"]
[Result "1-0"]
[WhiteElo "2886"]
[BlackElo "2578"]
[TimeControl "180+1"]
[EndTime "10:18:25 PDT"]
[Termination "rasmussvane won on time"]

1. Nf3 d5 2. g3 Nf6 3. Bg2 c5 4. O-O e6 5. d4 cxd4 6. Nxd4 Bc5 7. c4 O-O 8. cxd5 exd5 9. Nc3 Nc6 10. Be3 Bb6 11.
Rc1 Re8 12. Nxc6 bxc6 13. Bd4 Bg4 14. Re1 h5 15. Qd3 Rc8 16. h3 Bxd4 17. Qxd4 c5 18. Qd3 Be6 19. Red1 d4 20. Na4 Bd5 21. Nxc5 Bxg2 22.
Kxg2 Qd5+ 23. e4 Nxe4 24. Nxe4 Rxc1 25. Rxc1 f5 26. Qc4 Qxc4 27. Rxc4 Rxe4 28. Kf3 Kh7 29. Rc5 Kg6 30. Ra5 d3 31. Rd5 Re2 32. Rxd3 Rxb2 33. Ra3 Rb7 34. Ra6+ Kh7 35. Kf4 g6 36. Kg5 Rg7 37. f4 1-0

[Event "*** SCC Grand Prix: Titled Tuesday Blitz"]
[Site "Chess.com"]
[Date "2020.08.11"]
[Round "2"]
[White "GM_dmitrij"]
[Black "Benjoneliere44"]
[Result "1-0"]
[WhiteElo "2928"]
[BlackElo "2589"]
[TimeControl "180+1"]
[EndTime "10:18:26 PDT"]
[Termination "GM_dmitrij won by resignation"]

1. e4 c5 2. Nf3 d6 3. d4 cxd4 4. Nxd4 Nf6 5. Nc3 g6 6. Be3 Bg7 7. Be2 O-O 8. Qd2 Nc6 9. O-O-O d5 10. Nxc6 bxc6 11. exd5 cxd5 12. Nxd5 Nxd5 13. Qxd5 Qc7 14. Qxa8 Bf5 15. Qxf8+ Kxf8 16. Rd2 h5 17. Bd3 Be6 18. c3 Kg8 19. Bb1 a5 20. g3 a4 21. a3 Bb3 22.
Bc2 Be6 23. Bd4 Bh6 24. f4 Bd5 25. Rhd1 e6 26. Bxa4 Qc4 27. Bc2 Qa2 28. Bb1 Qa1 29.
Be5 Be4 30. Rc2 Bg7 31. Bxg7 Kxg7 32. c4 g5 33. Rd4 Bxc2 34. Kxc2 gxf4 35. gxf4 f6 36.
c5 e5 37. fxe5 fxe5 38. Rd1 e4 39. c6 e3 40. c7 e2 41. Rg1+ 1-0

[Event "*** SCC Grand Prix: Titled Tuesday Blitz"]
[Site "Chess.com"]
[Date "2020.08.11"]
[Round "2"]
[White "volcanoexplorer"]
[Black "Bigfish1995"]
[Result "1-0"]
[WhiteElo "2610"]
[BlackElo "2965"]
[TimeControl "180+1"]
[EndTime "10:18:27 PDT"]
[Termination "volcanoexplorer won by checkmate"]

1. e4 c6 2. d4 d5 3. exd5 cxd5 4. Bd3 Nc6 5. c3 Qc7 6. h3 e6 7. Nf3 Bd6 8. O-O Nge7 9. Re1 O-O 10. Bxh7+ Kxh7 11. Ng5+ Kg6 12. Qg4 f5 13. Qh4 Ng8 14. Qh7+ Kf6 15. Nxe6 Bxe6 16. Bg5+ Kxg5 17. Rxe6 Rf6 18.
h4+ Kg4 19. Rxf6 Bh2+ 20. Kh1 Nxf6 21. Qg6+ Kf4 22. Nd2 Ne4 23. Kxh2 Nxd2 24. Qg3+ Ke4 25. Re1# 1-0

[Event "*** SCC Grand Prix: Titled Tuesday Blitz"]
[Site "Chess.com"]
[Date "2020.08.11"]
[Round "2"]
[White "LyonBeast"]
[Black "Aygehovit1992"]
[Result "1-0"]
[WhiteElo "3019"]
[BlackElo "2605"]
[TimeControl "180+1"]
[EndTime "10:18:28 PDT"]
[Termination "LyonBeast won by checkmate"]

1. d4 Nf6 2. Nf3 g6 3. Bf4 Bg7 4. e3 O-O 5. Be2 b6 6. h3 Bb7 7. c4 d6 8. O-O Nbd7 9. Qc2 Rc8 10. Nc3 a6 11. Rad1 e6 12. e4 Qe7 13. Be3 c5 14.
d5 e5 15. g4 Ne8 16. Kh1 Kh8 17. Rg1 f6 18. a4 Rf7 19. Bd3 Qf8 20. Qc1 Qe7 21.
Ne2 b5 22. b3 b4 23. Ng3 Nf8 24. Rg2 Rc7 25. Rdg1 Bc8 26. Nh4 f5 27. Nhxf5 gxf5 28. exf5 Bf6 29. g5 Bg7 30. Be4 Qd8 31. h4 Ra7 32. Qc2 h6 33. Nh5 Nh7 34. f6 Bxf6 35. gxf6 Nexf6 36. Nxf6 Nxf6 37. Bg6 Rg7 38. Bxh6 Rg8 39.
Bg5 Rag7 40. Bf5 Rf7 41. Bxf6+ Qxf6 42. Rxg8# 1-0

[Event "*** SCC Grand Prix: Titled Tuesday Blitz"]
[Site "Chess.com"]
[Date "2020.08.11"]
[Round "2"]
[White "Juanovic"]
[Black "Parhamov"]
[Result "0-1"]
[WhiteElo "2067"]
[BlackElo "3066"]
[TimeControl "180+1"]
[EndTime "10:18:28 PDT"]
[Termination "Parhamov won by checkmate"]

1. e4 e6 2. d4 d5 3. Nc3 Bb4 4. e5 Qd7 5. a3 Bf8 6. Bb5 c6 7.
Bd3 c5 8. Bb5 Nc6 9. Nf3 cxd4 10.
Nxd4 Nge7 11. O-O a6 12. Nxc6 Nxc6 13. Bxc6 bxc6 14. Qg4 c5 15. f4 Qc6 16. Bd2 Rb8 17.
b3 h5 18. Qf3 g6 19. Kh1 Bb7 20. Rad1 h4 21. h3 Rh5 22. Ne2 Be7 23. a4 Rf5 24. Ng1 Kd7 25. Rf2 Rg8 26. Qg4 g5 27. Nf3 d4 28. Rg1 Qe4 29. fxg5 Qxc2 30. Be1 Qe4 31. Qxe4 Bxe4 32. Nxh4 Rxf2 33. Bxf2 Rb8 34. Nf3 Rxb3 35. Nd2 Rxh3# 0-1

[Event "*** SCC Grand Prix: Titled Tuesday Blitz"]
[Site "Chess.com"]
[Date "2020.08.11"]
[Round "2"]
[White "PavelChernomordik"]
[Black "keepitcool9499"]
[Result "0-1"]
[WhiteElo "2362"]
[BlackElo "2662"]
[TimeControl "180+1"]
[EndTime "10:18:29 PDT"]
[Termination "keepitcool9499 won by resignation"]

1. e4 e6 2. Qe2 c5 3. f4 d5 4.
exd5 Qxd5 5. Nc3 Qd8 6. Nf3 Nc6 7. f5 Nf6 8. fxe6 Bxe6 9. Qe3 Bd6 10. Bb5 O-O 11.
Bxc6 bxc6 12. O-O Bd5 13. h3 c4 14. d4 cxd3 15. Qxd3 Bc5+ 16. Be3 Bxe3+ 17. Qxe3 Re8 18.
Qf4 Qb6+ 19. Kh1 Qxb2 20. Nxd5 Nxd5 21. Qd6 Qxc2 22. Ng5 Qg6 23. Nxf7 Re2 24. Qxg6 hxg6 25. Ng5 Rc8 26. Rab1 c5 27. Rb7 Nf6 28. Rxa7 c4 29. Nf3 c3 30. Nd4 Rd2 31. Nb3 Rb2 32. Nc1 c2 33. g4 Rd8 34. g5 Rd1 35. Kg2 Rxf1 36. Kxf1 Rb1 37. gxf6 Rxc1+ 38. Kg2 Rg1+ 39. Kxg1 c1=Q+ 0-1

[Event "*** SCC Grand Prix: Titled Tuesday Blitz"]
[Site "Chess.com"]
[Date "2020.08.11"]
[Round "2"]
[White "Son_of_Sultan"]
[Black "Alexsur1981"]
[Result "0-1"]
[WhiteElo "2703"]
[BlackElo "2532"]
[TimeControl "180+1"]
[EndTime "10:18:30 PDT"]
[Termination "Alexsur1981 won by resignation"]

1. d4 d6 2. Nf3 Bg4 3. Nbd2 Nd7 4. h3 Bh5 5. g4 Bg6 6. Nh4 e5 7. Nxg6 hxg6 8. c3 c6 9. Qb3 Qc7 10. Bg2 exd4 11. cxd4 d5 12. e4 dxe4 13. Nxe4 Be7 14.
Be3 Ngf6 15. Ng5 O-O 16. O-O Nb6 17. Rac1 Qd7 18. Nf3 Qd5 19. Qxd5 Nfxd5 20. Ne5 g5 21. Rfe1 Rfe8 22. a3 f6 23. Nd3 Bd6 24. Bd2 Kf7 25.
Nc5 Rxe1+ 26. Rxe1 Bxc5 27. dxc5 Nc4 28. Bxd5+ cxd5 29. Bc3 Rd8 30. Bd4 Na5 31. Kg2 Nc6 32. Rd1 a5 33. b3 Ke6 34. Kf3 Rh8 35. Kg2 Nxd4 36. Rxd4 Ke5 37. Rd3 d4 38. Kf1 Kd5 39. b4 axb4 40.
axb4 Kc4 41. Rd2 d3 42. b5 Rc8 43. c6 bxc6 44. bxc6 Rxc6 45. Ra2 Kb3 46. Ra1 Kb2 0-1

[Event "*** SCC Grand Prix: Titled Tuesday Blitz"]
[Site "Chess.com"]
[Date "2020.08.11"]
[Round "2"]
[White "Fy_Rakotomaharo"]
[Black "sergivila"]
[Result "1-0"]
[WhiteElo "2673"]
[BlackElo "2426"]
[TimeControl "180+1"]
[EndTime "10:18:30 PDT"]
[Termination "Fy_Rakotomaharo won by resignation"]

1. e4 c5 2. Nf3 d6 3. d4 cxd4 4. Nxd4 Nf6 5. Nc3 a6 6. h4 e5 7. Nb3 Be6 8. f4 Nbd7 9. f5 Bxb3 10. axb3 Rc8 11. Qf3 h5 12. Bg5 Be7 13. Bc4 b5 14. Bd3 Qb6 15. Be3 Qb7 16. O-O Bd8 17. Ra2 Bb6 18.
Bxb6 Qxb6+ 19. Qf2 Qb7 20. Rfa1 Rc6 21. Nd5 Nxd5 22.
exd5 Rb6 23. c4 O-O 24. cxb5 Qxd5 25. Bc4 Qa8 26. Rxa6 Rxa6 27. Rxa6 Qb8 28. Qa7 Qd8 29.
Rxd6 Qxh4 30. Rxd7 Qe1+ 31. Bf1 e4 32. Qf2 Qc1 33.
Qd2 Qc5+ 34. Qd4 Qxf5 35. Rd8 h4 36. Rxf8+ 1-0

[Event "*** SCC Grand Prix: Titled Tuesday Blitz"]
[Site "Chess.com"]
[Date "2020.08.11"]
[Round "2"]
[White "LaPorfia"]
[Black "londonkid"]
[Result "1/2-1/2"]
[WhiteElo "2261"]
[BlackElo "2449"]
[TimeControl "180+1"]
[EndTime "10:18:30 PDT"]
[Termination "Game drawn by repetition"]

1. d4 Nf6 2. Nf3 e6 3. Bf4 b6 4. Nbd2 Bb7 5. e3 Be7 6. Bd3 O-O 7. c3 c5 8. Qe2 cxd4 9. exd4 d6 10. O-O Nbd7 11.
Rfe1 h6 12. Rad1 Re8 13. Bb1 Bf8 14. Ne4 Nxe4 15. Bxe4 Bxe4 16. Qxe4 Nf6 17. Qd3 Qd7 18.
Nd2 b5 19. a3 a5 20. h3 Rab8 21. Ne4 Nxe4 22. Qxe4 b4 23. axb4 axb4 24. c4 Rbc8 25. b3 d5 26. Qd3 dxc4 27. bxc4 Qc6 28. c5 Red8 29. Qc4 Rd5 30. Qxb4 Rcd8 31. Be3 Bxc5 32. Qc4 Qd7 33. Rc1 Bxd4 34. Bxd4 Rxd4 35. Qc7 Qxc7 36. Rxc7 Rd2 37. Rf1 Rb2 38. Kh2 Rdd2 39. Kg3 Rb3+ 40. Kh2 h5 41. Ra7 h4 42. Rc7 Rbb2 43. Kg1 g5 44. Rc4 Kg7 45. Rg4 Kg6 46. f4 f6 47.
fxg5 fxg5 48. Re1 Rd6 49. Re5 Rd1+ 50. Kh2 Rbb1 51. Rexg5+ Kf6 52. Rg6+ Kf7 53. Rg7+ Kf6 54. R7g6+ Kf5 55. R6g5+ Kf6 56. Rg6+ 1/2-1/2

[Event "*** SCC Grand Prix: Titled Tuesday Blitz"]
[Site "Chess.com"]
[Date "2020.08.11"]
[Round "2"]
[White "AlexTriapishko"]
[Black "XiaoKangZhong"]
[Result "1-0"]
[WhiteElo "2670"]
[BlackElo "2422"]
[TimeControl "180+1"]
[EndTime "10:18:31 PDT"]
[Termination "AlexTriapishko won by resignation"]

1. e4 c6 2. Nf3 d5 3. d3 dxe4 4.
dxe4 Qxd1+ 5. Kxd1 f6 6. Nfd2 e5 7. f3 Be6 8. Bc4 Bxc4 9. Nxc4 Nd7 10. c3 O-O-O 11. Kc2 b5 12. Na5 Kc7 13. a4 a6 14.
Rd1 Bc5 15. b4 Bb6 16. axb5 axb5 17. c4 Ne7 18. c5 Bxa5 19. Rxa5 Ra8 20. Rxa8 Rxa8 21.
Nc3 Nf8 22. Be3 Ne6 23. Rd6 Nd8 24. f4 Nf7 25. Rd1 Ng6 26. f5 Ne7 27. g4 h6 28. Kb3 Rh8 29. Rg1 Rg8 30. Ne2 g5 31. fxg6 Rxg6 32. h3 Ng5 33. Bxg5 fxg5 34. Rf1 Kd7 35. Ng3 Rg8 36. Nh5 Ra8 37. Rd1+ Kc7 38. Ng7 Ra1 39. Ne6+ Kb8 40. Rxa1 1-0

[Event "*** SCC Grand Prix: Titled Tuesday Blitz"]
[Site "Chess.com"]
[Date "2020.08.11"]
[Round "2"]
[White "BikingBrian"]
[Black "laboratorio25"]
[Result "0-1"]
[WhiteElo "2196"]
[BlackElo "2421"]
[TimeControl "180+1"]
[EndTime "10:18:31 PDT"]
[Termination "laboratorio25 won by resignation"]

1. d4 d5 2. Bf4 Nf6 3. e3 g6 4. c4 c6 5. Nc3 Bg7 6. h3 a6 7. c5 O-O 8. Nf3 Re8 9. Be2 Nfd7 10. O-O e5 11. Bg5 f6 12. Bh4 e4 13. Nd2 g5 14. Bg3 f5 15. Bh5 Rf8 16. f4 h6 17.
b4 Nf6 18. Be2 Be6 19. a4 Nbd7 20. b5 Rf7 21. Nb3 Nf8 22. Qd2 Ng6 23. bxc6 bxc6 24. Na2 g4 25. Na5 Qc7 26. hxg4 Nxg4 27. Bxg4 fxg4 28. f5 Qxg3 29. fxe6 Re7 30. Qf2 Qc7 31. Qd2 Rxe6 32. Rab1 Rb8 33. Rxb8+ Qxb8 34. Qb4 Qg3 35. Qb7 Nh4 36. Rf2 Rf6 37. Qc8+ Kh7 0-1

[Event "*** SCC Grand Prix: Titled Tuesday Blitz"]
[Site "Chess.com"]
[Date "2020.08.11"]
[Round "2"]
[White "Colchonero64"]
[Black "nocnypako"]
[Result "1-0"]
[WhiteElo "2914"]
[BlackElo "2587"]
[TimeControl "180+1"]
[EndTime "10:18:32 PDT"]
[Termination "Colchonero64 won on time"]

1. e4 e6 2. d4 d5 3. Nc3 Bb4 4. e5 c5 5. a3 Bxc3+ 6. bxc3 Qa5 7. Bd2 Qa4 8. Qg4 Kf8 9. Qd1 b6 10. h4 Ba6 11. Bxa6 Nxa6 12. Ne2 Rc8 13. h5 h6 14. Rh3 Ne7 15. Rf3 Ke8 16. Be3 cxd4 17. Bxd4 Nf5 18. g4 Nxd4 19. Nxd4 Nc5 20. Qd2 Rf8 21. Qf4 Qd7 22.
g5 Rh8 23. g6 Rf8 24. a4 f5 25.
a5 Ne4 26. axb6 axb6 27. Qc1 Nxc3 28. Qb2 Ne4 29. Nb5 Ke7 30. Ra7 Qxa7 31. Nxa7 Rc7 32. Qb4+ Kd7 33. Nb5 1-0

[Event "*** SCC Grand Prix: Titled Tuesday Blitz"]
[Site "Chess.com"]
[Date "2020.08.11"]
[Round "2"]
[White "Ind1anStar"]
[Black "DrVelja"]
[Result "0-1"]
[WhiteElo "2510"]
[BlackElo "2768"]
[TimeControl "180+1"]
[EndTime "10:18:32 PDT"]
[Termination "DrVelja won by resignation"]

1. c4 Nf6 2. Nc3 e5 3. g3 d5 4.
cxd5 Nxd5 5. Bg2 Nb6 6. d3 Nc6 7. Be3 Bd6 8. Nf3 O-O 9. O-O Re8 10. a3 Bf8 11. b4 a5 12. b5 Nd4 13. a4 Bg4 14. Bxd4 exd4 15. Ne4 Nd5 16. Qb3 Be6 17.
Qb2 Bb4 18. Nxd4 f5 19. Nxe6 Rxe6 20. Qb3 c6 21. bxc6 bxc6 22. Nc3 Bxc3 23. Bxd5 Qxd5 24. Qxc3 Rxe2 25. Rae1 Rae8 26. Rxe2 Rxe2 27. Rb1 h6 28. Qb3 Re1+ 29. Rxe1 Qxb3 0-1

[Event "*** SCC Grand Prix: Titled Tuesday Blitz"]
[Site "Chess.com"]
[Date "2020.08.11"]
[Round "2"]
[White "albano87"]
[Black "chito89"]
[Result "1-0"]
[WhiteElo "2520"]
[BlackElo "2742"]
[TimeControl "180+1"]
[EndTime "10:18:32 PDT"]
[Termination "albano87 won by resignation"]

1. e4 c5 2. Nf3 e6 3. d4 cxd4 4.
Nxd4 Nc6 5. Nb5 d6 6. Bf4 e5 7. Be3 a6 8. N5c3 Nf6 9. Nd2 Be6 10. Bg5 Be7 11. Nc4 Nd4 12. Ne3 O-O 13. Bxf6 Bxf6 14.
Ncd5 Bg5 15. c3 Nc6 16. Bd3 Ne7 17. Bc2 g6 18. O-O f5 19. exf5 gxf5 20. Bb3 Kh8 21. Qh5 Nxd5 22. Bxd5 Bd7 23. Rfe1 Bc6 24. Bxc6 bxc6 25.
Nc4 e4 26. Nxd6 Qxd6 27. Qxg5 Rf6 28. Rad1 Qe5 29. Rxe4 Rd6 30. Rxd6 Qxd6 31. Re1 Rf8 32. g3 Qd5 33. Re7 Qd1+ 34. Kg2 Qd5+ 35. Kh3 Qg8 36.
Qxg8+ Kxg8 37. Ra7 Rd8 38. Rxa6 Rd2 39. Rb6 Rxf2 40. a4 c5 41. a5 Rf1 42. b4 Ra1 43. a6 cxb4 44. cxb4 1-0

[Event "*** SCC Grand Prix: Titled Tuesday Blitz"]
[Site "Chess.com"]
[Date "2020.08.11"]
[Round "2"]
[White "redbaron8888"]
[Black "okriak"]
[Result "0-1"]
[WhiteElo "2405"]
[BlackElo "2763"]
[TimeControl "180+1"]
[EndTime "10:18:32 PDT"]
[Termination "okriak won by resignation"]

1. d4 d5 2. c4 e6 3. Nf3 c6 4. Qc2 dxc4 5. Qxc4 Nf6 6. g3 b5 7. Qc2 Bb7 8. Bg2 Nbd7 9. O-O c5 10. dxc5 Bxc5 11.
Rd1 Qb6 12. e3 Rc8 13. Qe2 O-O 14. Nc3 a6 15. Bd2 Rfd8 16. h3 Nd5 17. a3 N7f6 18. Rac1 h6 19. b4 Be7 20. Nxd5 Bxd5 21. Rxc8 Rxc8 22.
Rc1 Rc6 23. Qe1 Qc7 24. Nd4 Bxg2 25. Kxg2 Rc4 26. Rxc4 bxc4 27. e4 h5 28. Bc3 g6 29.
a4 e5 30. Nf3 Bd6 31. b5 axb5 32. axb5 Qb7 33. Bxe5 Bxe5 34. Nxe5 Qxb5 35. Nf3 Qc6 36. e5 Nd5 37. e6 Qxe6 38. Qxe6 fxe6 39. Nd4 c3 40. Nc2 Kf7 41. Kf3 e5 42. Ke4 Ke6 43. f4 h4 44. fxe5 hxg3 45. Kf3 Kxe5 46. Kxg3 Ke4 47.
Kg4 Ne3+ 0-1

[Event "*** SCC Grand Prix: Titled Tuesday Blitz"]
[Site "Chess.com"]
[Date "2020.08.11"]
[Round "2"]
[White "AniJak"]
[Black "JonahWillow"]
[Result "0-1"]
[WhiteElo "2313"]
[BlackElo "2742"]
[TimeControl "180+1"]
[EndTime "10:18:32 PDT"]
[Termination "JonahWillow won by resignation"]

1. e4 c5 2. Nc3 Nc6 3. g3 g6 4.
Bg2 Bg7 5. d3 e6 6. Be3 Nd4 7. Qd2 Ne7 8. Nd1 O-O 9. c3 Ndc6 10.
Bxc5 d6 11. Be3 b6 12. Bh6 Bb7 13. Bxg7 Kxg7 14. h4 h5 15. Nh3 Rc8 16. O-O Qd7 17. f4 Na5 18. Ne3 f5 19. Ng5 Ng8 20. b4 Nc6 21. d4 Nce7 22. d5 exd5 23. exd5 Rfe8 24.
c4 Nf6 25. Ne6+ Kh7 26. Qd4 Neg8 27. Ng5+ Kg7 28. Rae1 Ba6 29. Rc1 Qa4 30. Ne6+ Kh7 31.
Ng5+ Kg7 32. Ne6+ Kh7 33. Qd3 Qxb4 34. Nxf5 gxf5 35. Qxf5+ Kh8 36. Be4 Bxc4 37. Rfe1 Ba6 38. Ng5 Rxc1 39. Rxc1 Rxe4 40. Nxe4 Qxe4 41. Qxe4 Nxe4 42.
Rc7 Nxg3 43. Rxa7 Bc4 44. a4 Bxd5 45. Ra6 Bc6 46. a5 Ne2+ 47. Kf2 Nxf4 48. Rxb6 Nd3+ 49.
Ke3 Ne5 50. a6 Nc4+ 51. Kd4 Nxb6 0-1

[Event "*** SCC Grand Prix: Titled Tuesday Blitz"]
[Site "Chess.com"]
[Date "2020.08.11"]
[Round "2"]
[White "Euge_chess"]
[Black "c_r_e_e_p_e_r"]
[Result "1-0"]
[WhiteElo "2081"]
[BlackElo "2358"]
[TimeControl "180+1"]
[EndTime "10:18:32 PDT"]
[Termination "Euge_chess won on time"]

1. e4 c5 2. c3 e6 3. d4 d5 4.
exd5 exd5 5. Nf3 Nc6 6. Bb5 Bd6 7. O-O Ne7 8. dxc5 Bxc5 9. Nbd2 O-O 10. Nb3 Bb6 11.
Nbd4 Bg4 12. Be2 Qd6 13. h3 Bh5 14. Be3 Rfe8 15. Qd2 Nxd4 16. Nxd4 Bxe2 17. Qxe2 Bxd4 18. Bxd4 Nf5 19. Qd3 Re4 20. f3 Rf4 21. Bf2 Qg6 22.
Rfe1 h5 23. Re5 d4 24. cxd4 Rd8 25. Rae1 f6 26. R5e4 Rxe4 27. Qxe4 Kh7 28. g4 hxg4 29. hxg4 Nd6 30. Qe7 Re8 31. Qxd6 Rxe1+ 32. Bxe1 Qb1 33. Qe6 Qxb2 34. Qe4+ Kg8 35. d5 Qxa2 36. Bf2 1-0

[Event "*** SCC Grand Prix: Titled Tuesday Blitz"]
[Site "Chess.com"]
[Date "2020.08.11"]
[Round "2"]
[White "vinniethepooh"]
[Black "IANOV0007"]
[Result "0-1"]
[WhiteElo "2698"]
[BlackElo "2489"]
[TimeControl "180+1"]
[EndTime "10:18:34 PDT"]
[Termination "IANOV0007 won on time"]

1. d4 d6 2. c4 g6 3. Nc3 Bg7 4. Nf3 Bg4 5. g3 Bxf3 6. exf3 e6 7. f4 c6 8. Bg2 d5 9. O-O Ne7 10.
c5 Nd7 11. Re1 O-O 12. b4 a5 13. Rb1 axb4 14. Rxb4 Nxc5 15. Bb2 Qa5 16. a3 Na6 17. Rxb7 Nf5 18. Ne2 Rfb8 19. Rxb8+ Rxb8 20. Bc3 Qxa3 21. Qc2 Nb4 22. Qd2 Qb3 23. Ra1 Nd6 24. Nc1 Qc4 25. Bf1 Ne4 26. Bxc4 Nxd2 27. Bxd2 dxc4 28. Rb1 Na6 29.
Ra1 Nc7 30. Ra4 Bxd4 31. Rxc4 c5 32. Nd3 Na6 33. Ra4 Rb3 34. Rxa6 Rxd3 35. Ba5 Ra3 36. Ra8+ Kg7 0-1

[Event "*** SCC Grand Prix: Titled Tuesday Blitz"]
[Site "Chess.com"]
[Date "2020.08.11"]
[Round "2"]
[White "PowerThinking2650"]
[Black "Karina_Ivanova"]
[Result "1-0"]
[WhiteElo "2445"]
[BlackElo "2231"]
[TimeControl "180+1"]
[EndTime "10:18:34 PDT"]
[Termination "PowerThinking2650 won by resignation"]

1. e4 c6 2. d4 d5 3. Nc3 dxe4 4.
Nxe4 Bf5 5. Ng3 Bg6 6. h4 h6 7. Nf3 Nd7 8. h5 Bh7 9. Bd3 Bxd3 10.
Qxd3 e6 11. Bf4 Qa5+ 12. Kf1 Ngf6 13. c4 Be7 14. Kg1 Rd8 15. Qc2 c5 16. d5 exd5 17.
Nf5 Kf8 18. Re1 Ng8 19. cxd5 Nb6 20. Nxe7 Nxe7 21. Bc7 Rxd5 22. Qe4 Rd7 23. Bd8 Qxe1+ 24. Nxe1 Rxd8 25. Qxb7 Ned5 26. Qxa7 Kg8 27. Nf3 f6 28. Rh4 Kh7 29. Rg4 Rhg8 30. Nh4 Rd7 31. Qa5 c4 32.
Nf5 Rf8 33. Qc5 Rc8 34. Qd4 Rcc7 35. Qe4 Kh8 36. Qe8+ Kh7 37. Qg6+ Kg8 38. Nxh6+ Kf8 39. Nf5 Ne7 40. Nxe7 Rxe7 41. h6 f5 42. hxg7+ Rxg7 43. Qf6+ Kg8 44. Rxg7+ Rxg7 45. Qxb6 1-0

[Event "*** SCC Grand Prix: Titled Tuesday Blitz"]
[Site "Chess.com"]
[Date "2020.08.11"]
[Round "2"]
[White "emiliocordova"]
[Black "binbin239"]
[Result "1-0"]
[WhiteElo "2833"]
[BlackElo "2554"]
[TimeControl "180+1"]
[EndTime "10:18:35 PDT"]
[Termination "emiliocordova won by resignation"]

1. d4 Nf6 2. Nf3 g6 3. c4 Bg7 4.
g3 O-O 5. Bg2 d5 6. O-O dxc4 7.
Na3 Na6 8. Nxc4 c5 9. dxc5 Be6 10. Nfe5 Nxc5 11. Be3 Qc7 12. Rc1 Rfd8 13. Qe1 Nd5 14.
Bd4 Nb6 15. e3 Nxc4 16. Nxc4 Bxd4 17. exd4 Rxd4 18. Ne5 Qb6 19. b4 Rxb4 20. Rxc5 Qxc5 21. Nd3 Qd4 22. Nxb4 a5 23. Nc2 Qb2 24. Qb1 Qxa2 25. Qxa2 Bxa2 26. Bxb7 Rb8 27. Ra1 Bb3 28. Be4 a4 29.
Nd4 Rb4 30. Nxb3 axb3 31. f3 b2 32. Rb1 f5 33. Bd3 Kg7 34. Kf2 Kf6 35. Ke3 e5 36.
Kd2 e4 37. Kc3 Ra4 38. fxe4 fxe4 39. Bc2 Ra1 40. Rxb2 Kf5 41. Kd4 Re1 42. h3 h5 43.
Rb5+ Kf6 44. Bxe4 Rd1+ 45. Ke3 Re1+ 46. Kf3 Rf1+ 47. Ke2 Rg1 48. Kf2 Rc1 49. Rb6+ Ke5 50. Bxg6 1-0

[Event "*** SCC Grand Prix: Titled Tuesday Blitz"]
[Site "Chess.com"]
[Date "2020.08.11"]
[Round "2"]
[White "CrushingKings"]
[Black "Ashedu66"]
[Result "1-0"]
[WhiteElo "2518"]
[BlackElo "2271"]
[TimeControl "180+1"]
[EndTime "10:18:35 PDT"]
[Termination "CrushingKings won on time"]

1. e4 e5 2. Nf3 Nc6 3. Bc4 Bc5 4. c3 Qe7 5. d3 Nf6 6. O-O d6 7. Re1 O-O 8. h3 a6 9. Bb3 Ba7 10. Nbd2 Nd8 11. Nf1 Ne6 12. d4 Rd8 13. Ng3 Qf8 14. Be3 exd4 15. Nxd4 Nc5 16. Bc2 Re8 17. Bg5 Nfd7 18.
Ndf5 Ne5 19. Be3 Ng6 20. Bd4 Ne6 21. Bxa7 Rxa7 22. Nh5 Ra8 23. Qg4 Nc5 24. b4 Nd7 25.
Nhxg7 Nde5 26. Qh5 Kh8 27. Qg5 Re6 28. Nxe6 fxe6 29.
Ng3 Bd7 30. Rf1 Bc6 31. f4 Nc4 32. f5 exf5 33. Rxf5 Qe7 34. Qxe7 Nxe7 35. Rf7 Ng6 36. Raf1 1-0

[Event "*** SCC Grand Prix: Titled Tuesday Blitz"]
[Site "Chess.com"]
[Date "2020.08.11"]
[Round "2"]
[White "GustavoJuarezF"]
[Black "Kislov_Oleg"]
[Result "0-1"]
[WhiteElo "2017"]
[BlackElo "2363"]
[TimeControl "180+1"]
[EndTime "10:18:35 PDT"]
[Termination "Kislov_Oleg won on time"]

1. e4 e6 2. d4 d5 3. exd5 exd5 4. Bd3 Nc6 5. c3 Bd6 6. Ne2 Bg4 7. h3 Bh5 8. g4 Bg6 9. Bf4 Nf6 10. Bxd6 Qxd6 11. Bxg6 hxg6 12. Ng3 O-O-O 13. Kd2 Qf4+ 14. Ke2 Rde8+ 15.
Kf1 Ne4 16. Nxe4 dxe4 17. Na3 f5 18. Qe2 fxg4 19. Re1 gxh3 20. Nc4 h2 21. Ne3 Ref8 22. Qg4+ Kb8 23. Qxf4 Rxf4 24. Kg2 Rfh4 25. Nf1 Ne7 26. Nxh2 Nf5 27. f3 exf3+ 28. Nxf3 Ne3+ 29. Rxe3 Rxh1 30. Re7 R1h7 0-1

[Event "*** SCC Grand Prix: Titled Tuesday Blitz"]
[Site "Chess.com"]
[Date "2020.08.11"]
[Round "2"]
[White "NotFischer"]
[Black "TokChess"]
[Result "0-1"]
[WhiteElo "2094"]
[BlackElo "2382"]
[TimeControl "180+1"]
[EndTime "10:18:36 PDT"]
[Termination "TokChess won by resignation"]

1. e4 c5 2. Nf3 d6 3. d4 cxd4 4. Nxd4 Nf6 5. Nc3 g6 6. Be2 Bg7 7. Be3 O-O 8. O-O Nc6 9. Qd2 Bd7 10. h3 Rc8 11. f4 Qa5 12. Nb3 Qc7 13. Rad1 Rfd8 14.
Bf3 Qb8 15. Nd4 b5 16. Nxc6 Bxc6 17. a3 a5 18. f5 b4 19. axb4 Qxb4 20. Nd5 Bxd5 21.
exd5 Qxb2 22. Qxa5 Qc3 23. Qa7 Rc7 24. Qb6 Nd7 25.
Qb3 Qxb3 26. cxb3 Rc3 27. Bg5 Bf6 28. Bxf6 Nxf6 29. fxg6 hxg6 30. Rb1 Rb8 31. b4 Rc4 32. b5 Rc5 33. Rfe1 Kf8 34. b6 Nd7 35. Rb4 Rxb6 36. Rbe4 Ne5 37. Bd1 Rc4 0-1

[Event "*** SCC Grand Prix: Titled Tuesday Blitz"]
[Site "Chess.com"]
[Date "2020.08.11"]
[Round "2"]
[White "Alopekos"]
[Black "vpsetter"]
[Result "0-1"]
[WhiteElo "2306"]
[BlackElo "2649"]
[TimeControl "180+1"]
[EndTime "10:18:37 PDT"]
[Termination "vpsetter won by resignation"]

1. d4 Nf6 2. c4 e6 3. g3 c5 4. Nf3 cxd4 5. Nxd4 Nc6 6. Bg2 Bc5 7. Nb5 O-O 8. O-O Qe7 9. N1c3 a6 10. Na3 Rd8 11.
Nc2 d5 12. cxd5 Nxd5 13. Nxd5 exd5 14. Be3 d4 15. Bf4 Bg4 16. Bf3 Bxf3 17. exf3 d3 18. Ne1 Qe2 19. Ng2 Nd4 20. Qxe2 dxe2 21. Rfc1 Nxf3+ 22.
Kh1 Bxf2 23. Be3 Bxe3 24. Nxe3 Rac8 25. Kg2 Rxc1 26. Rxc1 e1=Q 0-1

[Event "*** SCC Grand Prix: Titled Tuesday Blitz"]
[Site "Chess.com"]
[Date "2020.08.11"]
[Round "2"]
[White "MartinMatthiesen"]
[Black "viniciusrego"]
[Result "1-0"]
[WhiteElo "2457"]
[BlackElo "2255"]
[TimeControl "180+1"]
[EndTime "10:18:37 PDT"]
[Termination "MartinMatthiesen won by resignation"]

1. d4 Nf6 2. c4 e6 3. Nf3 Bb4+ 4. Bd2 Bxd2+ 5. Qxd2 O-O 6. g3 d6 7. Bg2 Nbd7 8. O-O e5 9. Nc3 Re8 10. Rfd1 Qe7 11. dxe5 Nxe5 12. Nd5 Nxd5 13. cxd5 Nc4 14. Qc3 Nb6 15. Nd4 Bg4 16. h3 Bh5 17. Rac1 Rac8 18. Nf5 Qe5 19. Qxe5 Rxe5 20. g4 Bg6 21. Ng3 f6 22. f4 Re7 23. e4 Be8 24. Nf5 Rd7 25.
h4 Bg6 26. Ng3 c5 27. g5 fxg5 28. hxg5 Be8 29. Bh3 Rcd8 30. Bxd7 Nxd7 31. Nf5 Nb6 32. e5 dxe5 33. fxe5 g6 34. Ne3 Rc8 35. d6 Bd7 36. Nd5 Nxd5 37. Rxd5 Kf7 38. Rdxc5 Bc6 39. Rf1+ Ke6 40. Rf6+ Kd7 41. Rf7+ Kd8 42. Rxh7 b6 43. Rh8+ Kd7 44. Rxc8 Bb5 45. R5c7+ 1-0

[Event "*** SCC Grand Prix: Titled Tuesday Blitz"]
[Site "Chess.com"]
[Date "2020.08.11"]
[Round "2"]
[White "Nemsko"]
[Black "alexrustemov"]
[Result "1-0"]
[WhiteElo "2346"]
[BlackElo "2641"]
[TimeControl "180+1"]
[EndTime "10:18:39 PDT"]
[Termination "Nemsko won by resignation"]

1. e4 e6 2. d4 d5 3. Nc3 Bb4 4.
e5 c5 5. a3 Bxc3+ 6. bxc3 Ne7 7. h4 Qc7 8. Nf3 h6 9. h5 b6 10. Bb5+ Bd7 11. Bd3 Ba4 12. Bd2 Nd7 13. Rh4 a6 14. Rf4 Bb5 15. Nh4 Bxd3 16. cxd3 O-O 17.
Qg4 Kh7 18. Rf3 Rae8 19. Rg3 Rg8 20. Qf4 f6 21. Ng6 Nf5 22. Rf3 fxe5 23. dxe5 Ne7 24.
g4 Nxg6 25. hxg6+ Kxg6 26. Qf7+ Kh7 27. Rh3 Qxe5+ 28. Kd1 Qf6 29. Rxh6+ Qxh6 30. Bxh6 Ne5 31. Qh5 g6 32. Qxe5 Kxh6 33. Kd2 g5 34. Qf6+ 1-0